 Dungeon Crawl Stone Soup version 0.29.1-1-gd02db6906a (webtiles) character file.

Game seed: 5521288436564901081

74885 EvilAshe the Carver (level 15, -1/124 HPs)
             Began as a Human Fighter on Sept 28, 2022.
             Was an Elder of Okawaru.
             Killed from afar by a shock serpent (4 damage)
             ... with an electric aura
             ... on level 1 of the Snake Pit.
             The game lasted 01:26:05 (42264 turns).

EvilAshe the Carver (Human Fighter)                Turns: 42264, Time: 01:26:05

Health: -1/124     AC: 37    Str: 24    XL:     15   Next: 96%
Magic:  13/23      EV: 10    Int:  8    God:    Okawaru [****..]
Gold:   1707       SH: 11    Dex: 13    Spells: 14/14 levels left

rFire   . . .      SeeInvis .   j - +1 scimitar (flame)
rCold   . . .      Faith    .   P - +0 kite shield
rNeg    . . .      Spirit   .   c - +0 plate armour {rPois}
rPois   +          Reflect  .   t - +1 helmet
rElec   .          Harm     .   M - +2 cloak
rCorr   .          Rampage  ∞   X - +2 pair of gloves {infuse}
Will    ++...                   T - +3 pair of seven-league boots {Rampage+∞}
Stlth   ++........              (no amulet)
HPRegen 0.30/turn               L - +4 ring of protection
MPRegen 0.18/turn               a - ring of willpower

@: heroic, finesse-ful
A: no striking features
a: Renounce Religion, Heroism, Finesse


You were on level 1 of the Snake Pit.
You worshipped Okawaru.
Okawaru was greatly pleased with you.
You visited 5 branches of the dungeon, and saw 23 of its levels.
You also visited: Sewer and Gauntlet.

You collected 2648 gold pieces.
You spent 941 gold pieces at shops.

Inventory:

Hand Weapons
 j - a +1 scimitar of flaming (weapon)
Missiles
 e - 113 stones
 p - 2 throwing nets
 s - 13 poisoned darts
 u - 6 silver javelins
 H - a javelin
 N - 4 datura-tipped darts
 R - 5 silver boomerangs
 W - 15 boomerangs (quivered)
Armour
 c - a +0 plate armour of poison resistance (worn)
 t - a +1 helmet (worn)
 M - a +2 cloak (worn)
 P - a +0 kite shield (worn)
 T - the +3 pair of seven-league boots (worn) {Rampage+∞}
   (You found it on level 4 of the Lair of Beasts)

   Its wearer moves as far as possible in that direction when moving towards
   enemies.
 X - a +2 pair of gloves of infusion (worn)
Jewellery
 a - a ring of willpower (right hand)
 k - a ring of protection from cold
 w - a ring of protection from fire
 y - a ring of positive energy
 C - a ring of magical power
 D - a +6 ring of strength
 L - a +4 ring of protection (left hand)
Wands
 I - a wand of iceblast (10)
 J - a wand of polymorph (3)
Scrolls
 b - 3 scrolls of fear
 f - 3 scrolls of magic mapping
 l - 3 scrolls of amnesia
 m - 2 scrolls of silence
 o - 4 scrolls of teleportation
 r - 3 scrolls of brand weapon
 v - 3 scrolls of enchant weapon
 x - 3 scrolls of identify
 G - 2 scrolls of enchant armour
 K - 3 scrolls of poison
 O - 3 scrolls of vulnerability
 V - 2 scrolls of blinking
Potions
 d - 6 potions of might
 g - 9 potions of curing
 h - 5 potions of haste
 i - 4 potions of attraction
 n - 7 potions of mutation
 q - 4 potions of berserk rage
 z - 2 potions of flight
 A - 2 potions of heal wounds
 B - a potion of magic
 F - 3 potions of brilliance
 S - 2 potions of ambrosia


   Skills:
 + Level 13.5(18.5) Fighting
 - Level 14.0(19.0) Long Blades
 + Level 13.5(18.5) Armour
 + Level 4.8(9.8) Dodging
 - Level 13.2(18.2) Stealth
 + Level 3.8(8.8) Shields
 + Level 11.6 Invocations


You had 14 spell levels left.
You didn't know any spells.
Your spell library contained the following spells:

 Spells                   Type           Power      Damage    Failure   Level
 Foxfire                  Conj/Fire      0%         2x1d4     100%        1
 Magic Dart               Conj           0%         1d3       100%        1
 Shock                    Conj/Air       0%         1d3       100%        1
 Slow                     Hex            0%         N/A       100%        1
 Ensorcelled Hibernation  Hex/Ice        0%         N/A       100%        2
 Confusing Touch          Hex            0%         N/A       100%        3
 Gell's Gravitas          Tloc           0%         N/A       100%        3
 Ignite Poison            Fire/Tmut/Pois 0%         N/A       100%        3
 Lesser Beckoning         Tloc           0%         N/A       100%        3
 Mephitic Cloud           Conj/Pois/Air  0%         N/A       100%        3
 Swiftness                Air            0%         N/A       100%        3
 Teleport Other           Tloc           0%         N/A       100%        3
 Vampiric Draining        Necr           0%         2d6       100%        3
 Airstrike                Air            0%         2d(0-16)  100%        4
 Cause Fear               Hex            0%         N/A       100%        4
 Hailstorm                Conj/Ice       0%         3d3       100%        4
 Ice Form                 Ice/Tmut       0%         N/A       100%        4
 Blade Hands              Tmut           0%         N/A       100%        5
 Fireball                 Conj/Fire      0%         3d3       100%        5
 Freezing Cloud           Conj/Ice/Air   0%         6-21      100%        5
 Iskenderun's Battlesphe  Conj           0%         2d6       100%        5
 Conjure Ball Lightning   Conj/Air       0%         3x3d6     100%        6
 Dispersal                Tloc           0%         N/A       100%        6
 Iron Shot                Conj/Erth      0%         9d1       100%        6
 Orb of Destruction       Conj           0%         9d5       100%        7
 Lehudib's Crystal Spear  Conj/Erth      0%         10d2      100%        8
 Maxwell's Capacitive Co  Air            0%         ∞         100%        8
 Call Imp                 Summ           Unusable   N/A       N/A         2
 Animate Armour           Summ/Erth      Unusable   N/A       N/A         4
 Simulacrum               Ice/Necr       Unusable   N/A       N/A         6

Dungeon Overview and Level Annotations

Branches:
Dungeon (14/15)            Temple (1/1) D:7            Lair (5/5) D:9
 Shoals (0/4) Lair:2        Snake (1/4) Lair:3        Slime (0/5) Lair:5
    Orc (2/2) D:9             Elf (0/3) Orc:2         Sewer (visited)
Gauntlet (visited)
 Vaults: D:13-14

Altars:
Ashenzari
Cheibriados
Dithmenos
Elyvilon
Fedhas
Gozag
Hepliaklqana
Kikubaaqudgha
Makhleb
Nemelex Xobeh
Okawaru
Qazlal
Ru
Sif Muna
Trog
Uskayaw
Vehumet
Wu Jian
Xom
Yredelemnul
Zin
The Shining One

Shops:
D:4 (   D:7 [   D:9 [   Orc:2 *[:

Annotations:
Lair:4 exclusion: oklob plant
Lair:5 RFire


Message History

You barely miss the shock serpent.
The shock serpent is moderately wounded.
You block the shock serpent's attack.
You slash the shock serpent! You burn the shock serpent.
The shock serpent is heavily wounded.
The shock serpent's electric aura discharges, shocking you!
The shock serpent shoots out a bolt of lightning at you!
The bolt of electricity hits you!
The bolt of electricity hits you but does no damage.
You hit the shock serpent. You burn the shock serpent.
The shock serpent is severely wounded.
The shock serpent shoots out a bolt of lightning at you!
The bolt of electricity hits you! x2; You block the shock serpent's attack.
You closely miss the shock serpent.
The shock serpent is heavily wounded.
The shock serpent shoots out a bolt of lightning at you!
The bolt of electricity hits you!
The bolt of electricity hits you but does no damage.
You closely miss the shock serpent.
The shock serpent is heavily wounded.
You block the shock serpent's attack.
You can now deal lightning-fast blows.
The shock serpent shoots out a bolt of lightning at you!
The bolt of electricity hits you. x2
The shock serpent bites you but does no damage.
You miss the shock serpent.
The shock serpent is heavily wounded.
You slash the shock serpent! You burn the shock serpent.
The shock serpent is severely wounded.
The shock serpent's electric aura discharges, shocking you!
The shock serpent shoots out a bolt of lightning at you!
The bolt of electricity hits you!!
* * * LOW HITPOINT WARNING * * *
The bolt of electricity hits you!!
* * * LOW HITPOINT WARNING * * *
You slash the shock serpent! You burn the shock serpent!
You kill the shock serpent!
Okawaru accepts your kill.
The air sparks with electricity, shocking you!
You die...

#..........## #.#...
..............#####.#..#
............#....##.....
.#...............)......
............##..###.....
#..............## #.....
.............### ##..#.
...........### ##...
.......@..## #...
...........## #^..
......####..# #...
...... ##.####### ##..
..... #.......# ##.
##### #.......# ##.
#.......# #.. #.......#
#.. #.......# #[)


There were no monsters in sight!

Vanquished Creatures
  Gastronok (Lair:1)
  An orc warlord (Orc:2)
  A dire elephant (Gauntlet)
  A minotaur (Gauntlet)
  Snorg (Lair:4)
  2 ettins
  A fire dragon (Lair:5)
  Josephine (D:11)
  7 boulder beetles
  Erica (D:9)
  A catoblepas (Lair:4)
  5 hydras
  2 two-headed ogres
  A death yak (Lair:2)
  2 naga sharpshooters (Snake:1)
  A shock serpent (Snake:1)
  An orc high priest (Orc:2)
  A fire crab (Lair:5)
  A sea snake (shapeshifter) (D:14)
  2 lindwurms
  Pikel (D:7)
  A deep elf pyromancer (D:11)
  5 orc knights
  5 orc sorcerers
  A manticore (D:14)
  A salamander (Snake:1)
  6 elephants
  A guardian serpent (Lair:4)
  A cyclops (D:12)
  3 merfolk sirens (Lair:2)
  2 molten gargoyles (Lair:5)
  12 black mambas
  A smoke demon (Gauntlet)
  A torpor snail (Lair:2)
  A gargoyle (D:12)
  11 cane toads
  6 rime drakes
  20 komodo dragons
  2 tengu conjurers (D:13)
  A polar bear (shapeshifter) (D:13)
  A merfolk (Lair:2)
  A red devil (Gauntlet)
  5 trolls
  A polar bear (Lair:4)
  5 dream sheep
  20 blink frogs
  3 slime creatures (D:12)
  A shadow (D:11)
  9 wraiths
  3 wyverns
  36 yaks
  10 basilisks
  9 vampire mosquitoes
  6 steam dragons
  4 nagas
  3 wargs
  2 acid dragons
  Edmund (D:6)
  3 hell hounds (Lair:5)
  Pargi (Sewer)
  12 water moccasins
  21 orc warriors
  An ice beast (D:5)
  7 ogres
  5 small abominations (Gauntlet)
  2 black bears
  9 wolves (Lair:1)
  8 centaurs
  2 phantoms
  4 kobold brigands
  4 bullfrogs
  5 necrophages
  A gnoll sergeant (Orc:2)
  15 scorpions
  14 killer bees
  5 howler monkeys
  2 electric eels
  3 crimson imps (Gauntlet)
  5 lava snakes (Lair:5)
  4 hounds
  10 orc priests
  A gnoll bouda (D:9)
  A jelly (D:8)
  7 iguanas
  9 orc wizards
  7 hell rats (Lair:5)
  Terence (D:3)
  14 gnolls
  10 adders
  A shadow imp (D:8)
  2 white imps
  An ufetubus (D:5)
  5 worms
  3 dart slugs
  55 orcs
  5 bats
  4 endoplasms
  19 giant cockroaches
  8 goblins
  6 hobgoblins
  2 jackals (D:1)
  7 quokkas
  6 ball pythons
  5 frilled lizards
  19 kobolds
  7 rats
  A butterfly (D:9)
585 creatures vanquished.

Vanquished Creatures (collateral kills)
  An ogre (D:5)
1 creature vanquished.

Vanquished Creatures (others)
  2 hounds (D:5)
  A gnoll (D:6)
  A bush (Lair:5)
  38 fungi
  57 plants
99 creatures vanquished.

Grand Total: 685 creatures vanquished

Notes
Turn   | Place    | Note
-------+----------+-------------------------------------------
     0 | D:1      | EvilAshe the Human Fighter began the quest for the Orb.
     0 | D:1      | Reached XP level 1. HP: 18/18 MP: 1/1
   152 | D:1      | Reached XP level 2. HP: 3/24 MP: 2/2
   593 | D:1      | Reached XP level 3. HP: 29/29 MP: 3/3
   969 | D:1      | Reached skill level 3 in Long Blades
  1448 | D:2      | Reached XP level 4. HP: 21/35 MP: 4/4
  1899 | D:3      | Noticed Terence
  2417 | D:3      | Reached XP level 5. HP: 42/42 MP: 5/5
  2501 | D:3      | Noticed a sky beast
  2788 | D:4      | Found Goafidat's Weapon Boutique.
  2831 | D:3      | Found a sacrificial altar of Ru.
  2848 | D:3      | Reached skill level 4 in Long Blades
  3440 | D:3      | Killed Terence
  3441 | D:3      | Reached XP level 6. HP: 15/48 MP: 6/6
  4570 | D:4      | Reached skill level 5 in Long Blades
  4570 | D:4      | Reached XP level 7. HP: 34/55 MP: 7/7
  4925 | D:4      | Found a sparkling altar of Nemelex Xobeh.
  4925 | D:4      | Found a broken altar of Ashenzari.
  5879 | D:5      | Entered Level 5 of the Dungeon
  6448 | D:5      | Reached skill level 5 in Fighting
  6448 | D:5      | Reached skill level 6 in Long Blades
  6448 | D:5      | Reached skill level 5 in Armour
  6448 | D:5      | Reached XP level 8. HP: 59/62 MP: 8/8
  7364 | D:5      | Reached skill level 7 in Long Blades
  7872 | D:5      | Reached XP level 9. HP: 65/69 MP: 9/9
  7915 | D:5      | Reached skill level 8 in Long Blades
  8644 | D:6      | Found a glowing drain.
  8668 | Sewer    | Entered a sewer
  8744 | Sewer    | Noticed Pargi
  8766 | Sewer    | Killed Pargi
  9391 | D:6      | Noticed Edmund
  9407 | D:6      | Killed Edmund
  9637 | D:6      | Reached skill level 9 in Long Blades
  9885 | D:6      | Reached XP level 10. HP: 46/79 MP: 10/10
 10803 | D:7      | Found a shadowy altar of Dithmenos.
 10812 | D:7      | Reached skill level 10 in Long Blades
 11402 | D:7      | Found a staircase to the Ecumenical Temple.
 11412 | Temple   | Entered the Ecumenical Temple
 11611 | Temple   | Became a worshipper of Warmaster Okawaru
 11715 | D:7      | Found Dawi's Armour Emporium.
 12121 | D:8      | Noticed a +0 dagger
 12121 | D:8      | Noticed a +0 falchion
 12121 | D:8      | Noticed a +0 spear
 12122 | D:8      | Noticed a +0 spear
 12123 | D:8      | Noticed a +0 short sword
 12123 | D:8      | Noticed a +0 dagger
 12123 | D:8      | Noticed a +0 falchion
 12124 | D:8      | Noticed a +0 short sword
 12130 | D:8      | Found a hide-covered altar of Uskayaw.
 12496 | D:8      | Identified the +6 hand axe of Brutal Revenge {drain, *Slow
                  | rElec Int-3 Dex+8}
 12659 | D:8      | Noticed Pikel
 12762 | D:7      | Killed Pikel
 12869 | D:8      | Found a shimmering blue altar of Sif Muna.
 12876 | D:8      | Found an ancient bone altar of Kikubaaqudgha.
 13451 | D:9      | Found a staircase to the Orcish Mines.
 13451 | D:9      | Found Quicumpoh's Armour Emporium.
 13472 | D:9      | Reached * piety under Okawaru
 13641 | D:9      | Bought a +2 cloak for 264 gold pieces
 13706 | D:9      | Found a bloodstained altar of Trog.
 13731 | D:9      | Found a staircase to the Lair.
 13752 | D:9      | Found a runed translucent door.
 13754 | D:9      | Found a runed translucent door.
 13943 | D:9      | Found a shimmering altar of Xom.
 14036 | D:9      | Noticed Erica
 14323 | D:9      | Reached skill level 11 in Long Blades
 14437 | D:9      | Killed Erica
 14437 | D:9      | Reached ** piety under Okawaru
 14438 | D:9      | Reached XP level 11. HP: 25/87 MP: 11/11
 14869 | D:9      | Noticed a two-headed ogre
 15516 | Lair:1   | Entered Level 1 of the Lair of Beasts
 15639 | Lair:1   | Reached skill level 1 in Invocations
 15891 | Lair:1   | Reached skill level 12 in Long Blades
 15895 | Lair:1   | Reached *** piety under Okawaru
 16364 | Lair:1   | Received a gift from Okawaru
 16706 | Lair:1   | Noticed Gastronok
 16741 | Lair:1   | Killed Gastronok
 16741 | Lair:1   | Reached **** piety under Okawaru
 17660 | Lair:2   | Identified 2 scrolls of acquirement
 17660 | Lair:2   | Acquired the +2 chain mail of the Camelopard {Str+4}
 17673 | Lair:2   | Acquired a manual of Stealth
 17692 | Lair:2   | Noticed an elephant
 17696 | Lair:2   | Noticed an elephant
 17698 | Lair:2   | Noticed an elephant
 17698 | Lair:2   | Noticed an elephant
 17713 | Lair:1   | Reached skill level 1 in Stealth
 17719 | Lair:1   | Killed an elephant
 17719 | Lair:1   | Reached ***** piety under Okawaru
 17720 | Lair:1   | Reached XP level 12. HP: 73/96 MP: 14/14
 18136 | Lair:1   | Received a gift from Okawaru
 18358 | Lair:1   | Reached skill level 13 in Long Blades
 18895 | Lair:2   | Reached skill level 5 in Invocations
 19279 | Lair:2   | Reached skill level 10 in Fighting
 19371 | Lair:2   | Reached skill level 10 in Armour
 19435 | Lair:2   | Found a staircase to the Shoals.
 19462 | Lair:2   | Reached skill level 5 in Stealth
 19626 | Lair:2   | Found a stormy altar of Qazlal.
 19647 | Lair:2   | Noticed a death yak
 19648 | Lair:2   | Noticed a boulder beetle
 20041 | Lair:2   | Killed a death yak
 20340 | Lair:2   | Killed a boulder beetle
 20835 | Lair:3   | Found a staircase to the Snake Pit.
 21230 | Lair:3   | Reached XP level 13. HP: 100/103 MP: 17/17
 21816 | Lair:3   | Reached skill level 14 in Long Blades
 22784 | Lair:2   | Received a gift from Okawaru
 23847 | Lair:4   | Noticed a boulder beetle
 23863 | Lair:4   | Killed a boulder beetle
 24144 | Lair:4   | Noticed a six-headed hydra
 24161 | Lair:4   | Killed a one-headed hydra
 24539 | Lair:4   | Noticed Snorg
 24567 | Lair:4   | Killed Snorg
 25668 | Lair:4   | Reached skill level 10 in Stealth
 26057 | Lair:4   | Noticed a boulder beetle
 26057 | Lair:4   | Noticed a boulder beetle
 26077 | Lair:4   | Killed a boulder beetle
 26220 | Lair:4   | Noticed a catoblepas
 26274 | Lair:4   | Killed a boulder beetle
 26435 | Lair:4   | Found the +3 pair of seven-league boots {Rampage+∞}
 26465 | Lair:4   | Reached XP level 14. HP: 101/113 MP: 20/20
 26765 | Lair:5   | Entered Level 5 of the Lair of Beasts
 26765 | Lair:5   | Found a staircase to the Slime Pits.
 27787 | Lair:4   | Received a gift from Okawaru
 29452 | Lair:5   | Received a gift from Okawaru
 30053 | Lair:5   | Found a large runed translucent door.
 30343 | Lair:5   | Found a large runed translucent door.
 31047 | D:10     | Entered Level 10 of the Dungeon
 31617 | D:10     | Found a glowing golden altar of the Shining One.
 32076 | D:11     | Reached skill level 10 in Invocations
 32082 | D:11     | Got Cadaargh's Octavo of the Aerial Impact
 32412 | D:11     | Found a gate leading to a gauntlet.
 32422 | Gauntlet | Entered a Gauntlet
 32422 | Gauntlet | Found a transporter.
 32431 | Gauntlet | Found a transporter.
 32433 | Gauntlet | Found a transporter.
 32435 | Gauntlet | Found a transporter.
 32456 | Gauntlet | Found a transporter.
 32465 | Gauntlet | Found a transporter.
 32470 | Gauntlet | Found a transporter.
 32485 | Gauntlet | Found a transporter.
 32504 | Gauntlet | Found a transporter.
 32515 | Gauntlet | Found the ring of the Octopus King
 32516 | Gauntlet | Found a transporter.
 32528 | Gauntlet | Found a transporter.
 32540 | Gauntlet | Found a transporter.
 32540 | Gauntlet | Noticed a dire elephant
 32552 | Gauntlet | Found a transporter.
 32565 | Gauntlet | Found a transporter.
 32565 | Gauntlet | Found a transporter.
 32614 | Gauntlet | Found a transporter.
 32644 | Gauntlet | Found a transporter.
 32646 | Gauntlet | Found a transporter.
 32692 | Gauntlet | HP: 5/116 [burnt (1)]
 33265 | Gauntlet | Identified the +4 scimitar "Ynoga Faff" {distort, Int+4}
 33295 | Gauntlet | Killed a dire elephant
 33296 | Gauntlet | Reached XP level 15. HP: 90/122 MP: 0/22
 33511 | Gauntlet | Identified the +0 robe "Soucej" {Str+2}
 33512 | Gauntlet | Got Sif Muna's Papyrus of Virulent Imprecation
 33980 | D:11     | Noticed Josephine
 34152 | D:11     | Killed Josephine
 34157 | D:11     | Reached skill level 1 in Dodging
 34727 | D:11     | Found a bloodstained altar of Trog.
 35610 | D:12     | You fall into a shaft and drop 2 floors!
 36224 | D:13     | Identified the ring "Kunucoeh" {Fire Dex+2}
 37207 | Orc:1    | Entered Level 1 of the Orcish Mines
 38269 | Orc:2    | Entered Level 2 of the Orcish Mines
 38712 | Orc:2    | Found Illaarao's Antique Weapon Boutique.
 39015 | Orc:2    | Found Iwnor's Book Boutique.
 39043 | Orc:2    | Found a staircase to the Elven Halls.
 39627 | Orc:2    | Noticed an orc warlord
 39801 | Orc:2    | Killed an orc warlord
 40169 | Orc:2    | Found Etrokuad's General Store.
 40857 | Orc:2    | Bought a scroll of blinking for 105 gold pieces
 40878 | Orc:2    | Found Koeti's Antique Armour Boutique.
 40886 | Orc:2    | Bought a shiny plate armour for 572 gold pieces
 41293 | Snake:1  | Entered Level 1 of the Snake Pit
 42263 | Snake:1  | HP: 3/124 [shock serpent/bolt of electricity (22)]
 42264 | Snake:1  | Killed from afar by a shock serpent

Illustrated notes

Levels and vault maps discovered:
D:1:      ebering_hopf_link, layout_rooms, minmay_worlds_worst_comb
D:2:      layout_loops_ring, nicolae_concentric_dashed_squares_mild
D:3:      layout_basic, nicolae_ru_great_annihilating_truth,
          corexii_item_surrounded_by_moat, kennysheep_donut, uniq_terence
D:4:      layout_layer_cave, chequers_temple_overflow_statue_of_worship,
          serial_shops, nicolae_shop_bloodbath_and_beyond,
          kennysheep_generic_room_9
D:5:      minmay_polygon_palace, layout_basic, nicolae_hexahallways
D:6:      minmay_chambers_of_threes, layout_rooms, gup_sewer_entry_pipe,
          uniq_edmund
D:7:      layout_layer_cave, grunt_dithmenos_shadows,
          minmay_temple_entry_metal_lava, serial_shops, kennysheep_little_box
D:8:      layout_gridville, nicolae_uskayaw_en_pointe,
          mainiacjoe_overflow_large_starburst, uniq_pikel
D:9:      lemuel_insect_pit, layout_basic, mainiacjoe_overflow_cross_hatched,
          lemuel_tele_altar, orc_david_3, uniq_erica
D:10:     layout_loops_cross, kennysheep_mini, solitary_fountain
D:11:     layout_cave_pools, gauntlet_entry_generic, trog_hazing_becter,
          uniq_josephine
D:12:     layout_irregular_city
D:13:     layout_layer_cave, introduction_to_nature_2
D:14:     layout_irregular_city, david_vaults_4, chequers_decorated_corner,
          portal_ice_cave_entry_ugly_swarm, nemelex_altar_shiori
Temple:   nicolae_temple_slightly_damp_pantheon
Lair:1:   layout_roguey, nicolae_lair_lil_pond, serial_bayou_shore_a,
          uniq_gastronok
Lair:2:   layout_cave_pods, elwin_shoals_entry_stream, basic_altar,
          hangedman_lair_generics_rect
Lair:3:   layout_cave_shapes, guppyfry_snake_entry_island,
          chequers_serial_rivers_room_b, minmay_stone_trees_small,
          grunt_megastairs_4
Lair:4:   layout_regular_city, hellmonk_guarded_unrand_seven_league_boots,
          lemuel_fruit_fields, uniq_snorg
Lair:5:   cheibrodos_lair_end_hotspot, layout_loops_ring, slime_entry_1,
          infiniplex_staircase_pool
Snake:1:  layout_rooms
Orc:1:    layout_diamond_mine
Orc:2:    grunt_orc_gardens, layout_diamond_mine, grunt_orc_garden,
          grunt_orc_garden, grunt_orc_garden, grunt_orc_garden,
          david_defended_altar_orc

Skill      XL: |  1  2  3  4  5  6  7  8  9 10 11 12 13 14 15 |
---------------+----------------------------------------------+-----
Long Blades    | 3 4 5 6 7 9 11 12 13 14 | 14.0
Fighting       | 4 5 6 7 8 9 10 11 12 13 | 13.5
Armour         | 4 5 6 7 8 9 10 11 12 13 | 13.5
Invocations    | 3 5 8 10 11 | 11.6
Stealth        | 1 6 10 13 | 13.2
Dodging        | 4 |  4.8
Shields        | |  3.8

Action                   |  1- 3 |  4- 6 |  7- 9 | 10-12 | 13-15 || total
-------------------------+-------+-------+-------+-------+-------++-------
Melee: Long sword        |   114 |   229 |   492 |   305 |       ||  1140
       Scimitar          |       |       |       |   464 |  1786 ||  2250
Throw: Dart              |       |     9 |    34 |    86 |    77 ||   206
       Stone             |       |       |     6 |    11 |    44 ||    61
       Javelin           |       |       |       |     2 |     1 ||     3
       Boomerang         |       |       |       |       |    12 ||    12
Invok: Heroism           |       |       |       |     6 |    41 ||    47
       Finesse           |       |       |       |     2 |    13 ||    15
Evoke: Wand              |       |       |     5 |     2 |       ||     7
  Use: Scroll            |       |       |     7 |    15 |     7 ||    29
       Potion            |       |       |     2 |     8 |     4 ||    14
 Stab: Distracted        |       |       |       |     1 |       ||     1
Armor: Scale mail        |    65 |   136 |       |       |       ||   201
       Chain mail        |       |    41 |   300 |   464 |   867 ||  1672
       Plate armour      |       |       |       |       |    56 ||    56
Dodge: Dodged            |    56 |   137 |   169 |   239 |   555 ||  1156
Block: Buckler           |    25 |    49 |   104 |   142 |   286 ||   606
       Kite shield       |       |       |       |       |    62 ||    62
